 Dungeon Crawl Stone Soup version 0.32-a0-656-g3542139ebd (webtiles) character file.

Game seed: 18411264976552130713

501 Khashishi the Trooper (level 6, -16/49 HPs)
             Began as a Mummy Monk on Mar 9, 2024.
             Was a Priest of Beogh.
             Killed from afar by Bogmar the orc apostle (21 damage)
             ... with a zap
             ... on level 4 of the Dungeon.
             The game lasted 00:11:03 (2157 turns).

Khashishi the Trooper (Mummy Monk)                  Turns: 2157, Time: 00:11:04

Health: -16/49     AC: 11    Str: 16    XL:     6   Next: 95%
Magic:  0/7        EV:  8    Int:  9    God:    Beogh [***...]
Gold:   112        SH:  0    Dex: 15    Spells: 5/5 levels left

rFire   x . .        k - +0 war axe
rCold   + . .        c - orb {light}
rNeg    + + +        s - +0 chain mail
rPois   ∞            m - +0 helmet
rElec   .            (no cloak)
rCorr   .            (no gloves)
SInv    .            q - +0 pair of boots
Will    .....        e - amulet of guardian spirit Stlth
                     (no ring)
HPRegen 0.28/turn    (no ring)
MPRegen 0.10/turn

%: guardian spirit, faith
@: confused, glowing
A: cold resistance 1, negative energy resistance 3, torment resistance 2, heat
vulnerability 1, in touch with death 1, no potions, faith
a: Renounce Religion, Smiting


You were on level 4 of the Dungeon.
You worshipped Beogh.
Beogh was most pleased with you.
You visited 1 branch of the dungeon, and saw 4 of its levels.

You collected 112 gold pieces.

Inventory:

Hand Weapons
 a - a +0 hand axe
 k - a +0 war axe (weapon)
Missiles
 j - 7 poisoned darts (quivered)
Armour
 b - a +0 buckler
 c - an orb of light (worn)
 m - a +0 helmet (worn)
 q - a +0 pair of boots (worn)
 s - a +0 chain mail (worn)
Jewellery
 e - an amulet of guardian spirit (around neck)
 n - an amulet of reflection
 o - a +4 ring of slaying
Scrolls
 d - a scroll of teleportation
 f - a scroll of brand weapon
 g - a scroll of revelation
 h - a scroll of identify
 l - a scroll of immolation
 p - a scroll of enchant weapon
 r - a scroll of noise


   Skills:
 + Level 4.7 Fighting
 - Level 2.9(3.3) Axes
 + Level 2.3(3.1) Maces & Flails
 + Level 2.9 Armour
 - Level 3.0 Dodging
 + Level 1.9 Invocations


You had 5 spell levels left.
You didn't know any spells.
Your spell library contained the following spells:

 Spells                   Type           Power      Damage    Failure   Level
 Jinxbite                 Hex            0%         N/A       100%        2
 Yara's Violent Unravell  Hex/Alch       0%         3d3       100%        5
 Enfeeble                 Hex            0%         N/A       100%        7


Dungeon Overview and Level Annotations

Branches:
Dungeon (4/15)
 Temple: D:4-7

Altars:

Shops:
D:4 *

Annotations:
D:3 Sigmund


Innate Abilities, Weirdness & Mutations

Your facial features look somewhat orcish.
You are immune to poison.
Your flesh is cold resistant. (rC+)
You are immune to negative energy. (rN+++)
You are immune to unholy pain and torment.
You are vulnerable to heat. (rF-)
You are in touch with the powers of death.
You do not drink.
You have a special connection with the divine. (Faith)


Message History

Your orc hits Bogmar with a +0 dagger. Your orc hits Bogmar with a +0 whip.
Bogmar hits you but does no damage.
Your giant cockroach bites Bogmar but does no damage.
Bogmar points at you and mumbles some strange words.
You resist with significant effort.
Your orc completely misses Bogmar.
Your orc hits Bogmar but does no damage.
Your giant cockroach barely misses Bogmar.
Bogmar casts a spell at your orc.
Your orc appears confused.
Your orc hits Bogmar but does no damage.
Your orc misses you.
Your giant cockroach misses Bogmar.
Bogmar gestures at you while chanting. The zap hits you.
* * * LOW HITPOINT WARNING * * *
Your orc hits Bogmar but does no damage.
Your orc closely misses you.
Your giant cockroach bites Bogmar.
Bogmar points at you and mumbles some strange words.
The zap misses you.
Your orc hits Bogmar but does no damage. x2
Your giant cockroach bites Bogmar but does no damage.
Your giant cockroach bites Bogmar but does no damage.
Your orc hits Bogmar but does no damage.
Your orc misses Bogmar. Bogmar barely misses you.
Your giant cockroach barely misses Bogmar.
Bogmar points at you and mumbles some strange words.
The zap hits you!
* * * LOW HITPOINT WARNING * * *
Your orc closely misses Bogmar.
Your orc hits you but does no damage.
Your giant cockroach misses Bogmar.
Bogmar points at you and mumbles some strange words.
The zap hits you.
* * * LOW HITPOINT WARNING * * *
Your orc hits Bogmar but does no damage.
Your giant cockroach closely misses Bogmar.
Bogmar gestures at you while chanting. The zap hits you!!
You die...
Beogh appreciates Bogmar's killing of a heretic priest.

###################...####
#............#....'†∩.'...
#............#....#...#...
#............#....#####...
##...........#............
#...........##.....##....
#...##......##.....######
######.o..B.........#
.......†@o.....)....#
#.......o...........#
#......!...........######
...................##....
.........................
.........................
#...##...................
### #.............####[#
...........##..))


You could see Bogmar the orc apostle (ally target, divinely empowered), 2
friendly orcs and a friendly giant cockroach (summoned).

Vanquished Creatures
  A scorpion (D:4)
  A bullfrog (D:4)
  A howler monkey (D:4)
  2 bombardier beetles
  A hound (D:4)
  2 orc wizards (D:4)
  9 adders
  5 dart slugs
  3 ribbon worms
  5 orcs
  8 ball pythons
  4 endoplasms
  2 giant cockroaches
  3 goblins
  7 hobgoblins
  6 jackals (D:3)
  2 quokkas
  6 bats
  A frilled lizard (D:2)
  4 kobolds
  3 rats
76 creatures vanquished.

Vanquished Creatures (collateral kills)
  A hound (D:4)
1 creature vanquished.

Grand Total: 77 creatures vanquished

Notes
Turn   | Place    | Note
-------+----------+-------------------------------------------
     0 | D:1      | Khashishi the Mummy Monk began the quest for the Orb.
     0 | D:1      | Reached XP level 1. HP: 18/18 MP: 1/1
   126 | D:1      | Reached XP level 2. HP: 23/24 MP: 0/2
   713 | D:2      | Reached skill level 1 in Armour
   713 | D:2      | Reached XP level 3. HP: 29/29 MP: 3/3
  1081 | D:2      | Reached XP level 4. HP: 35/35 MP: 2/4
  1366 | D:3      | Noticed Sigmund
  1394 | D:3      | Became a worshipper of Beogh the Shepherd
  1394 | D:3      | Reached * piety under Beogh
  1394 | D:3      | Reached ** piety under Beogh
  1617 | D:3      | Reached skill level 1 in Maces & Flails
  1617 | D:3      | Reached XP level 5. HP: 41/42 MP: 3/5
  1702 | D:4      | Reached skill level 4 in Fighting
  1752 | D:4      | Reached skill level 1 in Invocations
  1752 | D:4      | Reached XP level 6. HP: 13/49 MP: 1/6
  2099 | D:4      | Found Gugerch's Serpentskin Sales.
  2125 | D:4      | Reached *** piety under Beogh
  2136 | D:4      | Identified the +2 robe "Kiaciq" {-Tele rCorr Str+3}
  2136 | D:4      | Noticed Bogmar
  2157 | D:4      | Killed from afar by Bogmar the orc apostle

Illustrated notes

Levels and vault maps discovered:
D:1:      minmay_arrival_arboretum_small, layout_basic, minmay_tromino_v7
D:2:      minmay_diamond_boxcup, layout_loops_ring, serial_glass,
          glass_columns_a, glass_columns_b
D:3:      minmay_door_path, layout_basic, ebering_ecumenical_altar_webs,
          uniq_sigmund
D:4:      layout_gridville, guppyfry_shop_venom

Skill      XL: |  1  2  3  4  5  6 |
---------------+-------------------+-----
Armour         | 1 2 |  2.9
Dodging        | 3 |  3.0
Maces & Flails | 1 2 |  2.3
Fighting       | 4 |  4.7
Invocations    | 1 |  1.9
Axes           | |  2.9

Action                     |  1- 3 |  4- 6 || total
---------------------------+-------+-------++-------
  Melee: Hand axe          |    95 |       ||    95
         War axe           |     6 |   121 ||   127
 Invoke: Convert to Beogh  |       |     1 ||     1
    Use: Scroll            |       |     9 ||     9
 Armour: Robe              |    12 |       ||    12
         Ring mail         |    36 |    88 ||   124
         Chain mail        |       |    20 ||    20
  Dodge: Dodged            |    53 |    79 ||   132

Table legend: (Time is in decaauts)
 A = Elapsed time spent in this place.
 B = Non-inter-level travel time spent in this place.
 C = Inter-level travel time spent in this place.
 D = Time resting spent in this place.
 E = Time spent auto-exploring this place.
 F = Levels seen in this place.
 G = Mean time per level.
                   A        B        C        D        E       F      G
               +--------+--------+--------+--------+--------+-----+--------+
         Total |   2214 |   2143 |     71 |    221 |   1058 |   4 |  553.5 |
       Dungeon |   2214 |   2143 |     71 |    221 |   1058 |   4 |  553.5 |
               +--------+--------+--------+--------+--------+-----+--------+

Top non-repeatable levels by time:
     D:2: 713 daAuts
     D:1: 602 daAuts
     D:4: 502 daAuts
     D:3: 396 daAuts
